 Dungeon Crawl Stone Soup version 0.17.0-28-g6e173f8 (webtiles) character file.

249 dohliylev the Covert (level 5, -2/39 HPs)
             Began as a Vampire Assassin on Nov 23, 2015.
             Was an Initiate of Dithmenos.
             Slain by a water moccasin skeleton (5 damage)
             ... on level 4 of the Dungeon.
             The game lasted 00:39:36 (5048 turns).

dohliylev the Covert (Vampire Assassin)             Turns: 5048, Time: 00:39:36

Health: -2/39      AC:  0    Str:  5    XL:     5   Next: 86%
Magic:  3/5        EV: 19    Int: 14    God:    Dithmenos [......]
Gold:   278        SH:  0    Dex: 21    Spells: 0 memorised, 4 levels left

rFire  . . .     SeeInvis +     (weapon currently unavailable)
rCold  + . .     Clarity  .     (armour currently unavailable)
rNeg   + + .     SustAt   .     (shield currently unavailable)
rPois  +         Gourm    .     (helmet currently unavailable)
rElec  .         Spirit   .     (cloak currently unavailable)
rCorr  .         Warding  .     (gloves currently unavailable)
rMut   .         Stasis   .     (boots currently unavailable)
MR     .....                    (no amulet)
Stlth  ++++......               (ring currently unavailable)
                                (ring currently unavailable)

@: bat-form, flying, regenerating slowly, very quick, not resistant to hostile
enchantments, stealthy
A: (fangs 0), see invisible, (unbreathing)
a: End Transformation, Renounce Religion


You were on level 4 of the Dungeon.
You worshipped Dithmenos.
Dithmenos was noncommittal.
You were thirsty.
You were in vampire-bat-form.
You visited 2 branches of the dungeon, and saw 6 of its levels.

You collected 278 gold pieces.

Inventory:

Hand Weapons
 a - a +2 dagger (melded)
 b - a +0 blowgun
 i - a +1 dagger of electrocution
Missiles
 e - 24 poisoned needles
 f - 2 curare-tipped needles
Armour
 d - a +0 cloak (melded)
 s - a +0 robe (melded)
Jewellery
 v - an uncursed ring of magical power
 x - a ring of protection from magic (melded)
 y - a ring of fire (melded)
Wands
 r - a wand of disintegration (10)
 C - a wand of random effects (19)
 D - a wand of digging (13)
Scrolls
 h - a scroll of teleportation
 j - a scroll of enchant armour
 m - 2 scrolls of amnesia
 o - a scroll of enchant weapon {unknown}
 p - a scroll of recharging {unknown}
 w - a scroll of fear {unknown}
 E - a scroll of magic mapping {unknown}
Potions
 c - a potion of flight
 g - 11 potions of blood
 k - a potion of berserk rage {unknown}
 l - a potion of invisibility {unknown}
 n - a potion of heal wounds {unknown}
 q - 2 potions of degeneration {unknown}
 t - 2 potions of haste {unknown}
 z - a potion of lignification {unknown}
 A - 2 potions of agility {unknown}
 B - a potion of poison {unknown}
 F - a potion of might {unknown}
Books
 u - a book of Dreams

   Spells                             Type                      Level
   a - Ensorcelled Hibernation        Hexes/Ice                    2
   b - Phase Shift                    Translocation                5
   c - Shadow Creatures               Summoning                    5
   d - Silence                        Hexes/Air                    5
   e - Darkness                       Hexes                        6
   f - Mass Confusion                 Hexes                        6


   Skills:
 + Level 2.4(1.2) Fighting
 + Level 3.1(1.5) Short Blades
 * Level 2.4(1.2) Throwing
 + Level 2.6(1.3) Dodging
 + Level 8.5(4.5) Stealth


You had 4 spell levels left.
You didn't know any spells.

Dungeon Overview and Level Annotations

Branches:
Dungeon (5/15)             Temple (1/1) D:4

Altars:
Ashenzari
Cheibriados
Dithmenos
Fedhas
Gozag
Makhleb
Nemelex Xobeh
Okawaru
Qazlal
Ru
Trog
Vehumet
Xom
Yredelemnul
The Shining One


Innate Abilities, Weirdness & Mutations

You heal slowly.
((You have razor-sharp teeth.))
You have supernaturally acute eyesight.
((You can survive without breathing.))


Message History

The water moccasin skeleton bites you.
* * * LOW HITPOINT WARNING * * *
You fail to use your ability.
The water moccasin skeleton closely misses you.
The water moccasin skeleton misses you. The water moccasin skeleton misses you.
The water moccasin skeleton barely misses you.
There is an open door here.
The water moccasin skeleton bites you.
* * * LOW HITPOINT WARNING * * *
There is a stone staircase leading down here.
You fail to use your ability.
The water moccasin skeleton bites you.
* * * LOW HITPOINT WARNING * * *
Unknown command.
You turn into a vampire bat.
Your +2 dagger melds into your body.
Your +0 cloak melds into your body.
Your +0 robe melds into your body.
Your ring of fire melds into your body.
Your ring of protection from magic melds into your body.
The water moccasin skeleton bites you.
You die...

.....##.......#....# ##≈.≈.#..
.....##.####.......# #.≈.≈##..
#....##.#<##.#.....# ##≈((.#..
#....##'#.##.#.#'#.# ##(###..
#...[(....##o#.....# #.(....
#............##..###########.....
#....).).######.>####......(.....
'....##'#......oZ...............#
#....##.#.#####.b####...........#
#######.#.# #..# #.........(.# #
#.#.# #..####..........(# # #.#.#
#..........(......# # #.#.#
#.############.##.# # ###.#.# #.#
#....###.##.# # #...#.# #.#
#........##.# # #.###.# #.#
####.######.# # #.#..)# #.# #.#
#..


You could see an orc and a water moccasin skeleton.

Vanquished Creatures
  An orc priest (D:4)
  2 orc wizards (D:4)
  A gnoll (D:4)
  3 adders (D:2)
  3 oozes
  2 worms
  11 orcs
  A ball python (D:4)
  14 bats
  7 giant cockroaches
  10 hobgoblins
  10 jackals
  7 kobolds
  2 quokkas (D:3)
  4 giant geckos
  3 giant newts
  9 goblins
  7 rats
97 creatures vanquished.

Notes
Turn   | Place    | Note
--------------------------------------------------------------
     0 | D:1      | dohliylev the Vampire Assassin began the quest for the Orb.
     0 | D:1      | Reached XP level 1. HP: 16/16 MP: 1/1
    17 | D:1      | Reached skill level 6 in Stealth
   148 | D:4      | Noticed an orc priest
   151 | D:4      | Found a shattered altar of Ashenzari.
   158 | D:4      | Noticed an orc wizard
   196 | D:5      | Entered Level 5 of the Dungeon
   199 | D:5      | Reached XP level 2. HP: 6/22 MP: 2/2
   243 | D:5      | Noticed a crimson imp
   267 | D:5      | Noticed a scorpion
   281 | D:5      | Noticed a giant frog
   525 | D:4      | Noticed a jelly
   541 | D:4      | Noticed an orc wizard
   575 | D:4      | Became a worshipper of Ashenzari the Shackled
   807 | D:2      | Reached skill level 7 in Stealth
   878 | D:1      | Reached XP level 3. HP: 24/27 MP: 3/3
  1874 | D:2      | Found an opulent altar of Gozag.
  1874 | D:2      | Found a shimmering altar of Xom.
  2213 | D:2      | Reached XP level 4. HP: 18/33 MP: 4/4
  2353 | D:2      | Reached skill level 8 in Stealth
  3422 | D:3      | Fell from the grace of Ashenzari
  3437 | D:4      | Found a staircase to the Ecumenical Temple.
  3443 | Temple   | Entered the Ecumenical Temple
  3497 | Temple   | Became a worshipper of Dithmenos the Shadowed
  3709 | D:4      | Reached XP level 5. HP: 32/38 MP: 5/5
  3710 | D:4      | Found an iron altar of Okawaru.
  4195 | D:4      | Killed an orc wizard
  4535 | D:4      | Killed an orc wizard
  4948 | D:4      | Killed an orc priest
  5048 | D:4      | Slain by a water moccasin skeleton

Action                   |  1- 3 |  4- 6 || total
-------------------------+-------+-------++-------
Melee: Dagger            |   131 |   138 ||   269
 Fire: Blowgun           |     2 |    33 ||    35
Invok: Renounce Religion |       |     1 ||     1
 Abil: Bat Form          |       |     3 ||     3
       End Transformatio |       |     2 ||     2
  Use: Scroll            |       |     6 ||     6
       Potion            |       |     5 ||     5
 Stab: Sleeping          |    17 |    13 ||    30
       Distracted        |     1 |       ||     1
